 Dungeon Crawl Stone Soup version 0.23.2-30-g0e89c35649 (webtiles) character file.

Game seed: 3383897810189773405

7 epicfail the Scratcher (level 1, 0/9 HPs)
             Began as a Felid Transmuter on June 17, 2019.
             Slain by a kobold (3 damage)
             ... on level 1 of the Dungeon.
             The game lasted 00:00:52 (414 turns).

epicfail the Scratcher (Felid Transmuter)            Turns: 414, Time: 00:00:52

Health: 0/9        AC:  1    Str:  6    XL:     1   Next: 91%
Magic:  3/4        EV: 18    Int: 14    God:
Gold:   34         SH:  0    Dex: 16    Spells: 3/4 levels left
                                        Lives:  0   Deaths: 0

rFire    . . .     SeeInvis +     - Unarmed
rCold    . . .     Gourm    .   (shield unavailable)
rNeg     . . .     Faith    .   (armour unavailable)
rPois    .         Spirit   .   (helmet unavailable)
rElec    .         Reflect  .   (cloak unavailable)
rCorr    .         Harm     .   (gloves unavailable)
MR       .....                  (boots unavailable)
Stlth    ++........             (no amulet)
HPRegen  0.03/turn              (no ring)
MPRegen  0.09/turn              (no ring)

@: appendage, quick
A: very small, no armour, no weapons or thrown items, stealth, claws 1, fangs 3,
horns 2, see invisible, carnivore, speed 1, shaggy fur 1, slow metabolism 1,
sharp paws
a: End Transformation


You were on level 1 of the Dungeon.
You were completely stuffed.
You had grown temporary horns.
You visited 1 branch of the dungeon, and saw 1 of its levels.

You collected 34 gold pieces.

Inventory:

Missiles
 a - 12 arrows
Scrolls
 d - a scroll of fear {unknown}
 e - a scroll of amnesia {unknown}
 g - 2 scrolls of remove curse {unknown}
 i - a scroll of enchant armour {unknown}
Potions
 b - a potion of cancellation {unknown}
 h - a potion of agility {unknown}
Comestibles
 c - 7 rations


   Skills:
 + Level 1.0 Fighting
 + Level 2.7 Dodging
 + Level 3.1 Unarmed Combat
 + Level 2.1 Spellcasting
 + Level 2.4 Transmutations


You had 3 spell levels left.
You knew the following spells:

 Your Spells              Type           Power        Failure   Level  Hunger
a - Beastly Appendage     Tmut           #.....       9%          1    #......

Your spell library contained the following spells:

 Spells                   Type           Power        Failure   Level  Hunger
 Sticks to Snakes         Tmut           #.......     13%         2    ###....
 Spider Form              Tmut/Pois      #.........   38%         3    ###....
 Ice Form                 Ice/Tmut       #.......     80%         4    #####..
 Blade Hands              Tmut           #.........   93%         5    ######.


Dungeon Overview and Level Annotations

Branches:
Dungeon (1/15)

Altars:


Innate Abilities, Weirdness & Mutations

You cannot wear armour.
You are incapable of wielding weapons or throwing items.
Your paws allow you to move quietly. (Stealth)
You have sharp claws.
You have razor-sharp teeth.
You have supernaturally acute eyesight. (SInv)
You are carnivorous and can eat meat at any time.
You cover ground quickly.
You are covered in fur. (AC +1)
You have a slow metabolism.
Your sharp claws are effective at attacking unaware monsters.
You have a pair of horns on your head.


Message History

You grow a pair of large bovine horns.
The kobold throws a stone.
The stone hits you.
The kobold throws a stone.
The stone completely misses you.
Your transformation is almost over.
Your horns disappear.
You start resting.
All of the chunks of flesh in your inventory have rotted away.
The kobold is too close now for your liking.
Casting: Beastly Appendage (safe; 9% risk of failure)
Confirm with . or Enter, or press ? or * to list all spells.
You grow a pair of large bovine horns.
The kobold shouts!
The kobold hits you. The kobold completely misses you.
You are too injured to fight recklessly!
You are too injured to fight recklessly!
You closely miss the kobold. The kobold completely misses you.
You scratch the kobold but do no damage.
The kobold hits you.
You die...

#.# #.....##.....##...# #..
#.#####.....##.....##...# #.#
#.#.......####.....##...###.#
#.#.###...# #..............#
#####.#.# #...####......#........
......#.# ##............##.......
#######.# #.##......)..##.......
........# #.##K##......##.......
........# #.#..@#.####.####.####
........# #.#.###.# ##.........
........# #.#.# #.# #.≈≈≈≈≈≈≈.
........# #...# #.#####.≈.....≈.
........##########....##.≈.......
#######.............#.#..≈...≈≈≈≈
####........##...........≈...≈<..
...'........##.........#.≈.....≈.
####........##.........#.≈.≈≈≈≈≈.


You could see a kobold.

Vanquished Creatures
  2 goblins (D:1)
  3 hobgoblins (D:1)
  A kobold (D:1)
6 creatures vanquished.

Notes
Turn   | Place    | Note
-------+----------+-------------------------------------------
     0 | D:1      | epicfail the Felid Transmuter began the quest for the Orb.
     0 | D:1      | Reached XP level 1. HP: 9/9 MP: 4/4
   414 | D:1      | Slain by a kobold

Action                   || total
-------------------------++-------
Melee: Unarmed           ||    19
       Headbutt          ||     2
       Bite              ||     2
       Punch             ||     1
 Cast: Beastly Appendage ||     7
  Eat: Chunk             ||     6
Dodge: Dodged            ||    14
